 Dungeon Crawl Stone Soup version 0.23.0 (webtiles) character file.

Game seed: 2099221025513897313

7742 loom the Cleaver (level 11, -1/148 HPs)
             Began as a Minotaur Berserker on Feb 16, 2019.
             Was a High Priest of Trog.
             Slain by a death knight
             ... wielding a +0 glaive
              (21 damage)
             ... on level 10 of the Dungeon.
             The game lasted 00:16:45 (8986 turns).

loom the Cleaver (Minotaur Berserker)               Turns: 8986, Time: 00:16:45

Health: -1/148     AC: 13    Str: 31    XL:     11   Next: 0%
Magic:  10/10      EV: 10    Int:  4    God:    Trog [*****.]
Gold:   565        SH:  0    Dex:  9    Spells: 10/10 levels left

rFire    . . .     SeeInvis +   a - +1 war axe (freeze)
rCold    . . .     Gourm    .   (no shield)
rNeg     . . .     Faith    .   I - +1 chain mail {rPois}
rPois    +         Spirit   .   (helmet restricted)
rElec    .         Reflect  .   (no cloak)
rCorr    .         Harm     .   C - +0 pair of gloves
MR       .....                  (no boots)
Stlth    ..........             (no amulet)
HPRegen  0.34/turn              k - ring of see invisible
MPRegen  0.12/turn              (no ring)

@: berserking, very quick
A: retaliatory headbutt, horns 2
a: Berserk, Trog's Hand, Brothers in Arms, Renounce Religion


You were on level 10 of the Dungeon.
You worshipped Trog.
Trog was extremely pleased with you.
You were hungry.

You visited 1 branch of the dungeon, and saw 10 of its levels.

You collected 565 gold pieces.

Inventory:

Hand Weapons
 a - a +1 war axe of freezing (weapon)
 b - the +1 hand crossbow of Wyoppus {penet, rC+}
   (You found it on level 7 of the Dungeon)

   Ammo fired by it will pass through the targets it hits, potentially hitting
   all targets in its path until it reaches maximum range.
   It protects you from cold.
 w - a +2 scimitar of flaming
Missiles
 t - 31 bolts
Armour
 d - a +1 chain mail of fire resistance
 C - a +0 pair of gloves (worn)
 I - a +1 chain mail of poison resistance (worn)
Jewellery
 k - a ring of see invisible (left hand)
 n - an uncursed ring of fire
 D - a cursed -2 ring of slaying {unknown}
 E - a +3 ring of intelligence
Wands
 i - a wand of scattershot (5)
 p - a wand of acid (16)
 s - a wand of paralysis (4)
 B - a wand of polymorph (19)
 F - a wand of disintegration (9)
 G - a wand of random effects (15)
Scrolls
 e - 3 scrolls of identify
 f - 4 scrolls of fear
 g - 9 scrolls of remove curse
 l - a scroll of enchant armour
 m - a scroll of enchant weapon
 q - 4 scrolls of teleportation
 y - a scroll of magic mapping
 H - a scroll of blinking {unknown}
Potions
 h - a potion of agility {unknown}
 j - 2 potions of heal wounds
 o - 4 potions of curing
 r - 3 potions of flight {unknown}
 u - a potion of berserk rage {unknown}
 v - a potion of mutation {unknown}
 x - a potion of resistance {unknown}
 z - a potion of might {unknown}
Comestibles
 c - 24 rations
 A - 3 chunks of flesh


   Skills:
 + Level 10.0 Fighting
 * Level 13.2 Axes
 * Level 7.3 Crossbows
 + Level 9.6 Armour
 - Level 2.1 Dodging


You had 10 spell levels left.
You didn't know any spells.
Your spell library was empty.

Dungeon Overview and Level Annotations

Branches:
Dungeon (10/15)            Temple (0/1) D:5            Lair (0/6) D:9
    Orc: D:9-12

Altars:
Elyvilon
Fedhas
Gozag
Kikubaaqudgha
Makhleb
Nemelex Xobeh
The Shining One

Annotations:
D:4 2 runed translucent doors, SnubMonkey's ghost, amateur HOSk


Innate Abilities, Weirdness & Mutations

You reflexively headbutt those who attack you in melee.
You have a pair of horns on your head.


Message History

The death knight offers itself to Yredelemnul, and fills with unholy energy.
The crocodile bites you but does no damage.
The crocodile is no longer moving slowly.
Items here: ! ( ) รทรท a +5 scimitar; 4 javelins; a potion of degeneration; a howler monkey skeleton x2
You see here 4 stones.
The death knight's dark mirror aura disappears.
You hit the crocodile. You freeze the crocodile.
The crocodile is almost dead.
The crocodile bites you.
* * * LOW HITPOINT WARNING * * *
You closely miss the crocodile.
The crocodile is almost dead.
The crocodile bites you!
* * * LOW HITPOINT WARNING * * *
A red film seems to cover your vision as you go berserk!
You feel yourself moving faster!
You feel mighty!
You are feeling hungry.
The death knight hits you from afar with a +0 glaive!!
You die...

..#.# ###......... ....#
##.........## # ...#
##....###....## ># ...#
##......#......##.## ...#
####....# #..#.......# ...#
##.......#######.......##
<<(####........#..#..#........#
).........###.....#.....###....
)..##......#....@###.....# ...
........#..#..#..tp...#..# ..
........#######......(#### .
...###..#..# #..###()#..# ..
....#......#......#.()(..# ...
.#..#..#..###..#.)#..#.(###..#
.#######.......#######.(.....#
.# #..#.......# #..#...[...#
... #.....###.... #(....###....


You could see a death knight and a crocodile.

Vanquished Creatures
  A two-headed ogre (D:10)
  Urug (D:10)
  The ghost of Mandevil the Magician, a novice DsWz of Vehumet (D:7)
  A cyclops (D:9)
  A manticore (D:10)
  An efreet (D:7)
  A wraith (D:10)
  Sigmund (D:6)
  A steam dragon (D:8)
  3 wargs (D:9)
  Edmund (D:6)
  2 water moccasins
  An orc warrior (D:9)
  3 sky beasts
  2 phantoms
  2 necrophages
  An ice beast (D:5)
  An ogre (D:8)
  A centaur (D:5)
  4 big kobolds
  6 bullfrogs
  A scorpion (D:9)
  7 killer bees
  5 wights (D:9)
  4 howler monkeys
  A crimson imp (D:7)
  A bullfrog zombie (D:5)
  A quasit (D:8)
  7 hounds
  A centaur skeleton (D:10)
  4 jellies
  5 orc priests
  2 bullfrog skeletons
  11 orc wizards
  5 iguanas
  10 worker ants
  A killer bee zombie (D:9)
  2 hound skeletons
  A howler monkey zombie (D:6)
  A worker ant zombie (D:10)
  A howler monkey skeleton (D:10)
  7 adders
  3 shadow imps
  4 adder skeletons
  2 adder zombies
  7 worms
  3 dart slugs
  8 leopard geckos
  37 orcs
  A ball python (D:2)
  6 bats
  6 giant cockroaches
  4 goblins (D:1)
  9 hobgoblins
  7 jackals
  4 quokkas
  A ball python zombie (D:4)
  4 frilled lizards
  A giant cockroach zombie (D:4)
  A jackal zombie (D:9)
  25 kobolds
  2 quokka skeletons
  7 rats
256 creatures vanquished.

Vanquished Creatures (collateral kills)
  A centaur (D:10)
1 creature vanquished.

Grand Total: 257 creatures vanquished

Notes
Turn   | Place    | Note
-------+----------+-------------------------------------------
     0 | D:1      | loom the Minotaur Berserker began the quest for the Orb.
     0 | D:1      | Reached XP level 1. HP: 19/19 MP: 0/0
   229 | D:1      | Reached skill level 4 in Axes
   229 | D:1      | Reached XP level 2. HP: 22/27 MP: 1/1
   744 | D:1      | Reached XP level 3. HP: 27/33 MP: 2/2
  1322 | D:2      | Reached ** piety under Trog
  1908 | D:3      | Found a glowing golden altar of the Shining One.
  2033 | D:3      | Reached skill level 5 in Axes
  2033 | D:3      | Reached XP level 4. HP: 37/41 MP: 3/3
  2690 | D:4      | Reached XP level 5. HP: 19/47 MP: 4/4
  2934 | D:4      | Reached skill level 6 in Axes
  2935 | D:4      | Reached *** piety under Trog
  2936 | D:4      | Reached skill level 5 in Fighting
  3066 | D:4      | Reached XP level 6. HP: 50/56 MP: 5/5
  3084 | D:4      | Found a runed translucent door.
  3360 | D:4      | Reached skill level 7 in Axes
  3377 | D:4      | Found a runed translucent door.
  3388 | D:4      | Noticed SnubMonkey's ghost (amateur HOSk)
  3540 | D:5      | Entered Level 5 of the Dungeon
  3548 | D:5      | Noticed an ice beast
  3555 | D:5      | Killed an ice beast
  3555 | D:5      | Reached skill level 5 in Armour
  3555 | D:5      | Reached XP level 7. HP: 61/62 MP: 6/6
  4032 | D:5      | Found a blossoming altar of Fedhas.
  4168 | D:5      | Reached skill level 8 in Axes
  4377 | D:5      | Found a staircase to the Ecumenical Temple.
  4648 | D:5      | Reached XP level 8. HP: 45/71 MP: 7/7
  4822 | D:6      | Reached skill level 9 in Axes
  4863 | D:6      | Found a burning altar of Makhleb.
  4917 | D:6      | Reached **** piety under Trog
  5211 | D:6      | Noticed Sigmund
  5217 | D:6      | Killed Sigmund
  5217 | D:6      | Reached skill level 10 in Axes
  5241 | D:6      | Noticed Edmund
  5253 | D:6      | Killed Edmund
  5707 | D:7      | Found a sparkling altar of Nemelex Xobeh.
  5868 | D:7      | Found a runed translucent door.
  5868 | D:7      | Noticed an efreet
  5871 | D:7      | Noticed Mandevil's ghost (novice DsWz)
  5916 | D:7      | Reached XP level 9. HP: 58/81 MP: 8/8
  5935 | D:7      | Got an encrusted hand crossbow
  5936 | D:7      | Identified the cursed +1 hand crossbow of Wyoppus {penet,
                  | rC+} (You found it on level 7 of the Dungeon)
  6114 | D:7      | Reached skill level 1 in Crossbows
  6189 | D:7      | Killed an efreet
  6189 | D:7      | Reached skill level 11 in Axes
  6201 | D:7      | Killed Mandevil's ghost
  6331 | D:8      | Reached ***** piety under Trog
  7099 | D:8      | Found an opulent altar of Gozag.
  7467 | D:9      | Reached XP level 10. HP: 91/91 MP: 9/9
  7475 | D:9      | Reached skill level 12 in Axes
  7616 | D:9      | Noticed a cyclops
  7625 | D:9      | Killed a cyclops
  7625 | D:9      | Reached skill level 5 in Crossbows
  8210 | D:9      | Found a staircase to the Lair.
  8255 | D:9      | Received a gift from Trog
  8353 | D:9      | Found an ancient bone altar of Kikubaaqudgha.
  8661 | D:10     | Entered Level 10 of the Dungeon
  8661 | D:10     | Noticed a two-headed ogre
  8672 | D:10     | Killed a two-headed ogre
  8680 | D:10     | Received a gift from Trog
  8876 | D:10     | Found a white marble altar of Elyvilon.
  8881 | D:10     | Reached skill level 13 in Axes
  8882 | D:10     | Noticed Urug
  8903 | D:10     | Killed Urug
  8903 | D:10     | Reached skill level 10 in Fighting
  8957 | D:10     | Noticed a manticore
  8965 | D:10     | Killed a manticore
  8965 | D:10     | Reached XP level 11. HP: 41/99 MP: 10/10
  8968 | D:10     | Noticed a death knight
  8972 | D:10     | HP: 4/99 [crocodile (13)]
  8986 | D:10     | Slain by a death knight

Skill      XL: |  1  2  3  4  5  6  7  8  9 10 |
---------------+-------------------------------+-----
Axes           | 4 5 6 7 8 10 11 13 | 13.2
Fighting       | 4 5 6 8 9 10 | 10.0
Armour         | 3 4 5 6 7 8 9 |  9.6
Crossbows      | 4 7 |  7.3
Dodging        | |  2.1

Action                   |  1- 3 |  4- 6 |  7- 9 | 10-12 || total
-------------------------+-------+-------+-------+-------++-------
Melee: Hand axe          |    87 |    13 |       |       ||   100
       Headbutt          |    15 |    15 |    37 |    18 ||    85
       War axe           |       |    82 |   245 |    99 ||   426
 Fire: Hand crossbow     |       |       |    23 |    79 ||   102
Invok: Berserk           |       |     2 |     2 |     4 ||     8
       Trog's Hand       |       |       |     1 |     1 ||     2
       Brothers in Arms  |       |       |       |     1 ||     1
Evoke: Wand              |       |       |       |     2 ||     2
  Use: Scroll            |     1 |     4 |    13 |     1 ||    19
       Potion            |       |       |       |     1 ||     1
 Stab: Sleeping          |     1 |       |       |       ||     1
  Eat: Chunk             |     3 |     7 |    12 |     8 ||    30
       Ration            |       |       |     1 |       ||     1
Armor: Animal skin       |    16 |     2 |       |       ||    18
       Chain mail        |       |    51 |   129 |    49 ||   229
Dodge: Dodged            |    57 |    63 |   120 |    42 ||   282
